 Dungeon Crawl Stone Soup version 0.24.0-1-gfbc8707 (webtiles) character file.

Game seed: 4226822273147763808, levelgen mode: deterministic

301166 Illumine the Severer (level 20, -2/182 HPs)
             Began as a Minotaur Fighter on Nov 7, 2019.
             Was the Champion of Cheibriados.
             Splashed by an acid blob's acid (3 damage)
             ... on level 5 of the Pits of Slime.
             The game lasted 02:06:20 (36619 turns).

Illumine the Severer (Minotaur Fighter)            Turns: 36619, Time: 02:06:21

Health: -2/182     AC: 25    Str: 35    XL:     20   Next: 18%
Magic:  0/28       EV: 26    Int: 21    God:    Cheibriados [******]
Gold:   2877       SH:  0    Dex: 32    Spells: 25/32 levels left

rFire    + + .     SeeInvis +   a - +0 executioner's axe (drain)
rCold    + + .     Gourm    .   (shield currently unavailable)
rNeg     . . .     Faith    .   X - +5 chain mail "Pucuck" {rF+ rC+ Stlth+}
rPois    .         Spirit   +   D - +3 crown of Dyrovepreva {rElec Int+2 SInv}
rElec    +         Reflect  .   c - +4 cloak "Bodyikk" {rF+ MR+}
rCorr    +         Harm     .   e - +2 pair of gloves
MR       +++++     Rnd*Tele +   E - +1 pair of boots of Egalitarianism {MR+ rCorr}
Stlth    ..........             u - amulet of Suphid {Spirit +Fly MR++ Dex+4}
HPRegen  0.40/turn              K - ring of resist corrosion
MPRegen  0.21/turn              R - +3 ring of protection

@: corroded, studying Armour, invisible, very slow
A: retaliatory headbutt, horns 2, blurry vision 1, clumsy 2, cold resistance 1,
deformed body, deterioration 1, dopey 1, screaming 1, teleportitis 1, weak 1,
subdued magic 1
}: 2/15 runes: barnacled, gossamer
a: Bend Time, Temporal Distortion, Slouch, Step From Time, Renounce Religion,
Evoke Flight


You were on level 5 of the Pits of Slime.
You worshipped Cheibriados.
Cheibriados was exalted by your worship.
You were not hungry.

You visited 7 branches of the dungeon, and saw 39 of its levels.
You visited the Abyss 1 time.
You also visited: Ossuary, Gauntlet, Ice Cave and Volcano.

You collected 4714 gold pieces.
You spent 1837 gold pieces at shops.

Inventory:

Hand Weapons
 a - a +0 executioner's axe of draining (weapon)
 b - the +11 arbalest of Resourcefulness {freeze, rElec rN+++ Int-5 SInv}
   (You bought it in a shop on level 4 of the Dungeon)

   It causes projectiles fired from it to freeze those they strike, causing
   extra injury to most foes and up to half again as much damage against
   particularly susceptible opponents.
   They can also slow down cold-blooded creatures.
   It affects your intelligence (-5).
   It insulates you from electricity.
   It renders you almost immune to negative energy.
   It lets you see invisible.
 x - the +10 dark maul {crush}
   (You took it off a deep elf high priest on level 3 of the Elven Halls)

   It inflicts extra damage upon your enemies.
Missiles
 P - 342 bolts
 V - 4 throwing nets (quivered)
Armour
 c - the +4 cloak "Bodyikk" (worn) {rF+ MR+}
   (You found it on level 1 of the Spider Nest)

   It protects you from fire.
   It affects your resistance to hostile enchantments.
 e - a +2 pair of gloves (worn)
 D - the +3 crown of Dyrovepreva (worn) {rElec Int+2 SInv}
   (You found it on level 7 of the Dungeon)

   It affects your intelligence (+2).
   It insulates you from electricity.
   It lets you see invisible.
 E - the +1 pair of boots of Egalitarianism (worn) {MR+ rCorr}
   (You bought it in a shop on level 1 of the Shoals)

   It affects your resistance to hostile enchantments.
   It provides partial protection from all sources of acid and corrosion.
 X - the +5 chain mail "Pucuck" (worn) {rF+ rC+ Stlth+}
   (You bought it in a shop on level 2 of the Orcish Mines)

   It protects you from fire.
   It protects you from cold.
   It makes you more stealthy.
Jewellery
 n - the amulet of the Invisible Hand {Acrobat rC++ rN+ Str-3 Dex+4}
   (You took it off a deep elf knight on level 3 of the Elven Halls)

   [amulet of the acrobat]

   It helps you evade while moving and waiting.
   It affects your strength (-3).
   It affects your dexterity (+4).
   It greatly protects you from cold.
   It protects you from negative energy.
 r - an uncursed ring of positive energy
 u - the amulet of Suphid (around neck) {Spirit +Fly MR++ Dex+4}
   (You found it in an ice cave)

   [amulet of guardian spirit]

   It causes incoming damage to be split between your health and magic.
   It affects your dexterity (+4).
   It affects your resistance to hostile enchantments.
   It lets you fly.
 C - an uncursed ring of flight
 K - a ring of resist corrosion (left hand)
 L - an uncursed ring of protection from fire
 R - a +3 ring of protection (right hand)
 T - the amulet "Dusejim" {RegenMP rC+, unknown}
   (You found it on level 3 of the Elven Halls)

   [amulet of magic regeneration]

   It increases your magic regeneration.
   It protects you from cold.
Wands
 h - a wand of iceblast (36)
 q - a wand of scattershot (10)
 y - a wand of acid (23)
 B - a wand of enslavement (31)
 F - a wand of paralysis (52)
 U - a wand of disintegration (28)
 Y - a wand of digging (16)
Scrolls
 i - 5 scrolls of magic mapping
 l - 3 scrolls of summoning
 m - 7 scrolls of blinking
 p - 5 scrolls of fear
 t - 9 scrolls of teleportation
 I - a scroll of vulnerability
 Q - a scroll of torment
 S - a scroll of holy word
 W - 4 scrolls of immolation
Potions
 d - 4 potions of might
 g - 11 potions of curing
 z - 6 potions of flight
 G - 2 potions of cancellation
 J - 3 potions of invisibility
 O - 2 potions of heal wounds
 Z - 4 potions of ambrosia
Books
 s - a manual of Armour
Miscellaneous
 A - a lightning rod (4/4)
 H - a phantom mirror
Comestibles
 f - 54 rations


   Skills:
 + Level 16.3 Fighting
 + Level 17.1(17.4) Axes
 + Level 4.6(12.3) Maces & Flails
   Level 3.7(12.1) Polearms
 + Level 15.4 Crossbows
 - Level 2.6 Throwing
 + Level 16.7 Armour
 + Level 14.9 Dodging
   Level 7.8 Shields
 + Level 6.5 Spellcasting
 - Level 5.1 Hexes
 - Level 2.1 Charms
 - Level 2.0 Necromancy
 - Level 5.7 Translocations
 - Level 12.4 Invocations


You had 25 spell levels left.
You knew the following spells:

 Your Spells              Type           Power        Failure   Level  Hunger
a - Apportation           Tloc           ###...       1%          1    None
b - Portal Projectile     Hex/Tloc       ###...       6%          3    #......
c - Regeneration          Chrm/Necr      ##........   26%         3    #......

Your spell library contained the following spells:

 Spells                   Type           Power        Failure   Level  Hunger
 Confusing Touch          Hex            ###...       2%          1    None
 Corona                   Hex            ###....      2%          1    None
 Slow                     Hex            ###.....     3%          2    None
 Gell's Gravitas          Tloc           ###.......   5%          3    #......
 Confuse                  Hex            ###.....     7%          3    #......
 Tukima's Dance           Hex            ###.....     7%          3    #......
 Animate Skeleton         Necr           N/A          9%          1    None
 Pain                     Necr           ##..         9%          1    None
 Ensorcelled Hibernation  Hex/Ice        ##....       11%         2    None
 Beastly Appendage        Tmut           #.....       21%         1    None
 Flame Tongue             Conj/Fire      #....        21%         1    None
 Magic Dart               Conj           #...         21%         1    None
 Shock                    Conj/Air       #...         21%         1    None
 Summon Small Mammal      Summ           #...         21%         1    None
 Swiftness                Chrm/Air       #.......     21%         2    None
 Dazzling Spray           Conj/Hex       ##....       22%         3    #......
 Inner Flame              Hex/Fire       ##......     22%         3    #......
 Cause Fear               Hex            ###.......   24%         4    ###....
 Vampiric Draining        Necr           ##........   28%         3    #......
 Searing Ray              Conj           #.....       32%         2    None
 Sticks to Snakes         Tmut           #.......     32%         2    None
 Throw Flame              Conj/Fire      #.....       32%         2    None
 Throw Frost              Conj/Ice       #.....       32%         2    None
 Conjure Flame            Conj/Fire      #.......     54%         3    #......
 Spider Form              Tmut/Pois      #.........   54%         3    #......
 Static Discharge         Conj/Air       #.......     54%         3    #......
 Leda's Liquefaction      Hex/Erth       ##........   58%         4    ###....
 Animate Dead             Necr           N/A          67%         4    ###....
 Metabolic Englaciation   Hex/Ice        ##........   91%         5    #####..
 Yara's Violent Unravell  Hex/Tmut       ##........   91%         5    #####..
 Airstrike                Air            #.........   92%         4    ###....
 Ice Form                 Ice/Tmut       #.......     92%         4    ###....
 Petrify                  Tmut/Erth      #.......     92%         4    ###....
 Sticky Flame             Conj/Fire      #.......     92%         4    ###....
 Throw Icicle             Conj/Ice       #.......     92%         4    ###....
 Blade Hands              Tmut           #.........   99%         5    #####..
 Bolt of Draining         Conj/Necr      #.........   99%         5    #####..
 Bolt of Magma            Conj/Fire/Erth #.........   99%         5    #####..
 Fireball                 Conj/Fire      #.........   99%         5    #####..
 Irradiate                Conj/Tmut      #.........   99%         5    #####..
 Iskenderun's Battlesphe  Conj/Chrm      #.......     99%         5    #####..
 Lightning Bolt           Conj/Air       #.........   99%         5    #####..
 Venom Bolt               Conj/Pois      #.........   99%         5    #####..
 Bolt of Cold             Conj/Ice       #.........   100%        6    ######.
 Freezing Cloud           Conj/Ice/Air   #.........   100%        6    ######.
 Hydra Form               Tmut           #.........   100%        6    ######.
 Iron Shot                Conj/Erth      #.........   100%        6    ######.
 Ozocubu's Refrigeration  Ice            #.........   100%        6    ######.
 Simulacrum               Ice/Necr       #.........   100%        6    ######.
 Statue Form              Tmut/Erth      #........    100%        6    ######.
 Dragon Form              Tmut           #.........   100%        7    #######
 Orb of Destruction       Conj           #.........   100%        7    #######
 Spellforged Servitor     Conj/Summ      #.........   100%        7    #######
 Shatter                  Erth           #.........   100%        9    #######


Dungeon Overview and Level Annotations

Branches:
Dungeon (15/15)            Temple (0/1) D:4            Lair (6/6) D:9
 Shoals (4/4) Lair:2       Spider (4/4) Lair:2        Slime (5/5) Lair:6
    Orc (2/2) D:10            Elf (3/3) Orc:2        Vaults (0/5) D:14
 Depths (0/5) D:15        Ossuary (visited)           IceCv (visited)
Volcano (visited)         Gauntlet (visited)

Altars:
Cheibriados
Fedhas
Hepliaklqana
Kikubaaqudgha
Makhleb
Nemelex Xobeh
Okawaru
Trog
Vehumet
Xom

Shops:
D:4 (   Orc:1 ?   Orc:2 [[([   Shoals:1 **

Portals:
Hell: Lair:6
Trove: D:15 (show abyssal rune of Zot)


Innate Abilities, Weirdness & Mutations

You reflexively headbutt those who attack you in melee.
You have a pair of horns on your head.
Scrolls take you a little longer to read.
You are very clumsy. (Dex -4)
Your flesh is cold resistant. (rC+)
Armour fits poorly on your strangely shaped body.
Your body sometimes deteriorates upon taking damage.
You are dopey. (Int -2)
You occasionally shout uncontrollably at your foes.
You are occasionally teleported next to monsters.
You are weak. (Str -2)
Your spells are a little easier to cast, but a little less powerful.


Message History

You headbutt the slime creature, but do no damage.
You feel much better. The acid blob barely misses you. You furiously retaliate!
You headbutt the acid blob! The acid blob misses you. You furiously retaliate!
You headbutt the acid blob!! The acid blob hits you!
* * * LOW HITPOINT WARNING * * *
You are splashed with acid.
You resist.
* * * LOW HITPOINT WARNING * * *
The slime creature misses you. You furiously retaliate!
You headbutt the slime creature, but do no damage.
You fade into invisibility!
The acid blob spits acid at you. The splash of acid hits you. You resist.
* * * LOW HITPOINT WARNING * * *
You are splashed with acid.
You resist.
* * * LOW HITPOINT WARNING * * *
The acid blob hits you but does no damage. x2
The slime creature barely misses you. The acid blob hits you!!
* * * LOW HITPOINT WARNING * * *
You are splashed with acid.
You resist.
You die...

.............#
.............#
.............##
..............#
...............
.......J.......
......JJJ......
......G@J......
...............
...............
...............
#..........^...
##.............
##............
##...........


You could see 3 acid blobs, 2 slime creatures and a shining eye.

Vanquished Creatures
  Dissolution (Slime:4)
  The ghost of Dataggej the Executioner, an adept MiBe of Trog (Elf:3)
  Nikola (Spider:4)
  Arachne (Spider:4)
  Asterion (Spider:4)
  2 deep elf master archers (Elf:3)
  4 deep elf blademasters (Elf:3)
  7 acid blobs
  A tentacled starspawn (Abyss:3)
  Donald (Spider:4)
  4 deep elf sorcerers
  3 azure jellies
  5 ghost moths (Spider:4)
  4 deep elf elementalists
  10 emperor scorpions
  An entropy weaver (Spider:4)
  4 deep elf demonologists (Elf:3)
  2 very ugly things (IceCv)
  Nessos (Orc:2)
  8 deep elf annihilators
  Azrael (Orc:2)
  A minotaur (Gauntlet)
  2 spark wasps
  3 deep elf death magi (Elf:3)
  4 merfolk javelineers (Shoals:4)
  An ettin (D:10)
  Snorg (D:12)
  2 death oozes
  8 merfolk impalers
  3 great orbs of eyes
  5 deep elf high priests (Elf:3)
  Fannar (Lair:1)
  7 hydras
  A rakshasa (Abyss:3)
  2 ice dragons (D:15)
  A hell beast (Gauntlet)
  5 merfolk aquamancers (Shoals:4)
  4 two-headed ogres
  2 merfolk avatars
  28 dancing weapons
  3 death yaks (Lair:6)
  Urug (Orc:2)
  15 deep elf knights
  Nergalle (Lair:2)
  A sun demon (Lair:6)
  5 skeletal warriors (D:11)
  6 wizards
  11 sea snakes
  2 glowing orange brains
  A lindwurm (Lair:5)
  3 harpies (Shoals:4)
  15 deep elf archers
  2 flayed ghosts (D:10)
  3 orc knights
  21 wolf spiders
  8 ugly things
  5 shining eyes
  11 manticores
  23 orb spiders
  53 deep elf magi
  A moth of wrath (Spider:3)
  A large abomination (Abyss:3)
  16 fauns
  4 cyclopes
  Maurice (Orc:1)
  Joseph (D:8)
  13 merfolk sirens
  5 ice statues (IceCv)
  An apocalypse crab (Abyss:3)
  4 black mambas
  8 water nymphs
  An orange demon (Lair:6)
  5 toenail golems (Volcano)
  3 torpor snails
  An eye of devastation (Slime:2)
  A smoke demon (Abyss:3)
  9 spiny frogs
  3 ice devils (Lair:6)
  2 hellwings
  2 kobold demonologists (D:14)
  6 rime drakes
  8 komodo dragons
  9 demonic crawlers
  2 red devils (Lair:6)
  3 anaconda simulacra (IceCv)
  An ancient zyme (Abyss:3)
  2 tengu conjurers
  3 meliai (D:12)
  2 trolls
  A polar bear (Lair:6)
  A jumping spider (shapeshifter) (D:14)
  A meliai (shapeshifter) (D:14)
  3 wind drakes
  A queen bee (D:12)
  15 merfolk
  3 hornets
  24 jumping spiders
  68 slime creatures
  7 raiju (Abyss:3)
  11 hippogriffs
  3 snapping turtles
  10 dream sheep
  90 redbacks
  6 blink frogs
  3 flying skulls (Gauntlet)
  2 air elementals (Elf:2)
  25 tarantellas
  4 wyverns
  2 dire elephant simulacra (IceCv)
  A human (D:7)
  2 fire elementals
  4 hogs (D:7)
  6 water elementals
  56 yaks
  3 basilisks
  A steam dragon (D:9)
  5 vampire mosquitoes
  4 hungry ghosts
  A warg (Orc:1)
  A hydra simulacrum (IceCv)
  A harpy simulacrum (IceCv)
  2 iron troll simulacra (IceCv)
  10 porcupines
  9 hell hounds
  15 water moccasins
  A hornet zombie (D:15)
  39 orc warriors
  12 ice beasts
  6 phantoms
  A black bear (Lair:4)
  3 sky beasts
  13 centaurs
  4 eyes of draining
  10 ogres
  A necrophage (D:7)
  4 wolves
  9 crocodiles
  6 big kobolds
  3 small abominations (Abyss:3)
  20 bullfrogs
  5 earth elementals
  3 gnoll sergeants
  A wyvern skeleton (D:14)
  2 scorpions (Lair:2)
  20 killer bees
  7 wights
  6 electric eels
  5 crimson imps
  A howler monkey (D:8)
  2 bullfrog zombies
  8 starcursed masses (Abyss:3)
  17 orc priests
  2 quasits
  A centaur zombie (D:11)
  7 hounds
  10 jellies
  5 centaur skeletons
  A gnoll shaman (D:9)
  17 orc wizards
  3 iguanas
  16 worker ants
  2 hound skeletons
  8 mummies (Ossuary)
  6 adders
  16 gnolls
  2 shadow imps
  An ufetubus (Abyss:3)
  5 oozes
  An adder skeleton (D:4)
  2 worms
  A dart slug (D:1)
  4 leopard geckos
  90 orcs
  3 giant cockroaches
  A gnoll zombie (Ossuary)
  8 goblins
  8 hobgoblins
  10 jackals
  4 quokkas
  2 ball pythons
  8 bats
  3 frilled lizards
  4 hobgoblin zombies (Ossuary)
  17 kobolds
  A kobold zombie (Ossuary)
  A leopard gecko skeleton (D:5)
  2 orc zombies (Ossuary)
  2 quokka skeletons
  8 rats
  5 crawling corpses (Elf:3)
  2 fungi
  3 plants
  A starspawn tentacle (Abyss:3)
1355 creatures vanquished.

Vanquished Creatures (others)
  An orc knight (Orc:2)
  An orb spider (Spider:1)
  A deep elf mage (Elf:1)
  A faun (Shoals:2)
  A merfolk (Shoals:2)
  An orc warrior (Orc:2)
  2 fungi
  8 plants
  3 starspawn tentacles (Abyss:3)
19 creatures vanquished.

Grand Total: 1374 creatures vanquished

Notes
Turn   | Place    | Note
-------+----------+-------------------------------------------
     0 | D:1      | Illumine the Minotaur Fighter began the quest for the Orb.
     0 | D:1      | Reached XP level 1. HP: 19/19 MP: 0/0
   100 | D:1      | Reached XP level 2. HP: 27/27 MP: 1/1
   443 | D:1      | Reached skill level 3 in Axes
   538 | D:1      | Reached XP level 3. HP: 31/33 MP: 2/2
   594 | D:1      | Reached skill level 1 in Dodging
   912 | D:2      | Found a snail-covered altar of Cheibriados.
   925 | D:2      | Found a bloodstained altar of Trog.
   960 | D:2      | Became a worshipper of Cheibriados the Contemplative
  1640 | D:3      | Noticed an ogre
  1654 | D:3      | Killed an ogre
  1654 | D:3      | Reached skill level 4 in Axes
  1654 | D:3      | Reached XP level 4. HP: 24/40 MP: 3/3
  1654 | D:3      | Reached XP level 5. HP: 28/46 MP: 4/4
  1691 | D:3      | Reached * piety under Cheibriados
  2132 | D:3      | Reached ** piety under Cheibriados
  2496 | D:4      | Reached XP level 6. HP: 51/53 MP: 5/5
  2529 | D:4      | Reached skill level 5 in Axes
  2749 | D:4      | Found Huowk's Antique Weapon Shoppe.
  2759 | D:4      | Reached skill level 5 in Armour
  2792 | D:4      | Found a staircase to the Ecumenical Temple.
  2894 | D:4      | Found a blossoming altar of Fedhas.
  3065 | D:5      | Entered Level 5 of the Dungeon
  3078 | D:5      | Reached skill level 5 in Shields
  3101 | D:5      | Noticed an ice beast
  3105 | D:5      | Killed an ice beast
  3105 | D:5      | Reached skill level 5 in Fighting
  3105 | D:5      | Reached XP level 7. HP: 49/61 MP: 6/6
  3322 | D:5      | Reached skill level 6 in Axes
  3569 | D:5      | Found a sparkling altar of Nemelex Xobeh.
  3710 | D:6      | Reached skill level 1 in Invocations
  3734 | D:6      | Found a sand-covered staircase.
  3739 | Ossuary  | Entered an ossuary
  3745 | Ossuary  | Reached *** piety under Cheibriados
  3785 | Ossuary  | Reached XP level 8. HP: 46/70 MP: 6/8
  4299 | D:6      | Got a dazzling leather armour
  4300 | D:6      | Identified the +3 leather armour of Kuuluun {Str-4 Slay+2
                  | SInv} (You found it on level 6 of the Dungeon)
  4668 | D:6      | Reached skill level 7 in Axes
  4870 | D:6      | Found a hazy altar of Hepliaklqana.
  4870 | D:6      | Found an iron altar of Okawaru.
  5005 | D:7      | Reached **** piety under Cheibriados
  5079 | D:7      | Reached skill level 8 in Axes
  5091 | D:7      | Reached XP level 9. HP: 73/78 MP: 10/10
  5163 | D:7      | Reached skill level 5 in Dodging
  5234 | D:7      | Reached skill level 9 in Axes
  5365 | D:7      | Found the +3 crown of Dyrovepreva {rElec Int+2 SInv}
  5622 | D:8      | Found a shimmering altar of Xom.
  5826 | D:8      | Reached ***** piety under Cheibriados
  5838 | D:8      | Found an ancient bone altar of Kikubaaqudgha.
  6053 | D:8      | Reached XP level 10. HP: 88/88 MP: 12/12
  6230 | D:8      | Noticed Joseph
  6245 | D:8      | Killed Joseph
  6365 | D:9      | Noticed a two-headed ogre
  6519 | D:9      | Killed a two-headed ogre
  6519 | D:9      | Reached skill level 10 in Axes
  6519 | D:9      | Reached skill level 5 in Invocations
  7001 | D:9      | Found a staircase to the Lair.
  7213 | Lair:1   | Entered Level 1 of the Lair of Beasts
  7216 | Lair:1   | Reached skill level 1 in Throwing
  7222 | Lair:1   | Reached XP level 11. HP: 80/95 MP: 14/14
  7633 | Lair:1   | Noticed Fannar
  7647 | Lair:1   | Killed Fannar
  8162 | D:4      | Bought a translucent arbalest for 247 gold pieces
  8162 | D:4      | Identified the +11 arbalest of Resourcefulness {freeze,
                  | rElec rN+++ Int-5 SInv} (You bought it in a shop on level 4
                  | of the Dungeon)
  8557 | Lair:2   | Reached skill level 1 in Crossbows
  8609 | Lair:2   | Found a hole to the Spider Nest.
  8611 | Lair:2   | Paralysed by a hornet for 3 turns
  8616 | Lair:2   | Reached skill level 11 in Axes
  8740 | Lair:2   | Reached ****** piety under Cheibriados
  8812 | Lair:2   | Found a staircase to the Shoals.
  8931 | Lair:2   | Noticed a six-headed hydra
  8935 | Lair:2   | Killed a six-headed hydra
  9102 | Lair:2   | Noticed Nergalle
  9108 | Lair:2   | Killed Nergalle
  9122 | Lair:2   | Reached XP level 12. HP: 103/106 MP: 17/17
  9332 | Lair:3   | Reached skill level 10 in Fighting
  9332 | Lair:3   | Reached skill level 10 in Armour
  9336 | Lair:3   | Reached skill level 5 in Crossbows
  9357 | Lair:3   | Found a dark tunnel.
  9377 | Volcano  | Entered a volcano
  9459 | Volcano  | Cast into level 3 of the Abyss (a wizard)
  9564 | Abyss:3  | Found a corrupted altar of Lugonu.
  9571 | Abyss:3  | Noticed a starcursed mass
  9574 | Abyss:3  | Paralysed by accursed screaming for 1 turns
  9629 | Abyss:3  | Noticed a rakshasa
  9647 | Abyss:3  | Killed a rakshasa
  9675 | Abyss:3  | Noticed a tentacled starspawn
  9680 | Abyss:3  | Killed a tentacled starspawn
  9680 | Abyss:3  | Reached skill level 12 in Axes
  9680 | Abyss:3  | Reached skill level 10 in Invocations
  9682 | Volcano  | Escaped the Abyss
  9684 | Volcano  | Reached XP level 13. HP: 37/114 MP: 10/19
 11019 | Lair:4   | Found an iron altar of Okawaru.
 12298 | Lair:5   | Found a burning altar of Makhleb.
 12704 | Lair:6   | Entered Level 6 of the Lair of Beasts
 12927 | Lair:6   | Reached skill level 10 in Dodging
 13042 | Lair:6   | Found a staircase to the Slime Pits.
 13373 | Lair:6   | Reached skill level 13 in Axes
 13461 | Lair:6   | Found a burning altar of Makhleb.
 13466 | Lair:6   | Reached XP level 14. HP: 124/124 MP: 21/21
 13491 | Lair:6   | Found a gateway to Hell.
 13504 | Lair:6   | Got a dazzling helmet
 14180 | D:10     | Entered Level 10 of the Dungeon
 14571 | D:10     | Found a staircase to the Orcish Mines.
 14639 | D:10     | Found a runed translucent door.
 14850 | D:10     | Identified the Papyrus of Intimidation
 15096 | Orc:1    | Entered Level 1 of the Orcish Mines
 15336 | Orc:1    | Found Paniha's Magic Scroll Emporium.
 15407 | Orc:2    | Entered Level 2 of the Orcish Mines
 15519 | Orc:2    | Found Himist's Antique Weapon Shop.
 15519 | Orc:2    | Found Vuhysm's Antique Armour Emporium.
 15524 | Orc:2    | Found Unky's Armour Shoppe.
 15526 | Orc:2    | Found Leerpheq's Armour Boutique.
 15545 | Orc:2    | Bought a pair of embroidered gloves for 210 gold pieces
 15545 | Orc:2    | Bought a smoking chain mail for 266 gold pieces
 15561 | Orc:2    | Identified the +4 chain mail "Ohoto" {Stlth+} (You bought
                  | it in a shop on level 2 of the Orcish Mines)
 15569 | Orc:2    | Bought the +5 chain mail "Pucuck" {rF+ rC+ Stlth+} for 746
                  | gold pieces
 15699 | Orc:2    | Noticed Azrael
 15702 | Orc:2    | Killed Azrael
 15712 | Orc:2    | Noticed Urug
 15716 | Orc:2    | Killed Urug
 15747 | Orc:2    | Found a staircase to the Elven Halls.
 16151 | Orc:2    | Noticed Nessos
 16155 | Orc:2    | Killed Nessos
 16269 | Orc:1    | Noticed Maurice
 16274 | Orc:1    | Killed Maurice
 16274 | Orc:1    | Reached skill level 10 in Crossbows
 16729 | Shoals:1 | Entered Level 1 of the Shoals
 16827 | Shoals:1 | Found Saweon's Assorted Antiques.
 16890 | Shoals:1 | Bought a pair of faintly glowing boots for 256 gold pieces
 16895 | Shoals:1 | Identified the +1 pair of boots of Egalitarianism {MR+
                  | rCorr} (You bought it in a shop on level 1 of the Shoals)
 16927 | Shoals:2 | Reached skill level 14 in Axes
 17394 | Shoals:2 | Reached XP level 15. HP: 89/134 MP: 22/22
 18015 | Shoals:4 | Entered Level 4 of the Shoals
 18279 | Shoals:4 | Got a crude lajatang
 19047 | Shoals:4 | Got a fine halberd
 19546 | Shoals:4 | Got a barnacled rune of Zot
 19589 | Shoals:4 | Learned a level 1 spell: Apportation
 19885 | Shoals:1 | Found Ogeown's General Store.
 19899 | Shoals:1 | Bought a scroll of identify for 28 gold pieces
 19990 | Spider:1 | Entered Level 1 of the Spider Nest
 20003 | Spider:1 | Reached skill level 1 in Spellcasting
 20044 | Spider:1 | Reached XP level 16. HP: 144/144 MP: 24/24
 20259 | D:11     | Found a gate leading to a gauntlet.
 20273 | Gauntlet | Entered a Gauntlet
 20273 | Gauntlet | Found a transporter.
 20273 | Gauntlet | Found a transporter.
 20282 | Gauntlet | Found a transporter.
 20285 | Gauntlet | Found a transporter.
 20296 | Gauntlet | Found a transporter.
 20297 | Gauntlet | Found a transporter.
 20305 | Gauntlet | Found a transporter.
 20321 | Gauntlet | Found a transporter.
 20335 | Gauntlet | Found a transporter.
 20339 | Gauntlet | Found a transporter.
 20347 | Gauntlet | Found a transporter.
 20375 | Gauntlet | Found a transporter.
 20764 | D:11     | Reached skill level 15 in Axes
 21435 | D:12     | Noticed Snorg
 21440 | D:12     | Killed Snorg
 21644 | D:12     | Learned a level 3 spell: Portal Projectile
 22855 | D:14     | Reached skill level 1 in Hexes
 22872 | D:14     | Reached skill level 1 in Translocations
 23195 | D:14     | Found a gate to the Vaults.
 23567 | D:15     | Entered Level 15 of the Dungeon
 23936 | D:15     | Found a staircase to the Depths.
 24184 | D:15     | Found a portal to a secret trove of treasure.
 24461 | Orc:1    | Bought a scroll of identify for 24 gold pieces
 24461 | Orc:1    | Bought a scroll of identify for 24 gold pieces
 24461 | Orc:1    | Bought a scroll of identify for 24 gold pieces
 24461 | Orc:1    | Bought a scroll of random uselessness for 12 gold pieces
 24589 | Lair:2   | Identified the +3 halberd "Hellblazer" {venom, rC++} (You
                  | found it on level 4 of the Shoals)
 24590 | Lair:2   | Identified the +4 lajatang of Might {flame, Dex+2} (You
                  | found it on level 4 of the Shoals)
 24770 | Spider:1 | Got an encrusted cloak
 24781 | Spider:1 | Identified the +4 cloak "Bodyikk" {rF+ MR+} (You found it
                  | on level 1 of the Spider Nest)
 25154 | Spider:2 | Found a frozen archway.
 25164 | IceCv    | Entered an ice cave
 25454 | IceCv    | Got a heavily runed copper amulet
 25521 | Spider:2 | Reached XP level 17. HP: 88/151 MP: 25/25
 27179 | Spider:3 | Identified the amulet of Suphid {Spirit +Fly MR++ Dex+4}
                  | (You found it in an ice cave)
 27509 | Spider:4 | Entered Level 4 of the Spider Nest
 27511 | Spider:4 | Noticed Arachne
 27529 | Spider:4 | Killed Arachne
 28042 | Spider:4 | Reached skill level 16 in Axes
 28051 | Spider:4 | Noticed Donald
 28056 | Spider:4 | Noticed Nikola
 28060 | Spider:4 | Killed Donald
 28070 | Spider:4 | Killed Nikola
 28755 | Spider:4 | Reached XP level 18. HP: 158/162 MP: 0/26
 28782 | Spider:4 | Reached skill level 15 in Fighting
 28899 | Spider:4 | Got a gossamer rune of Zot
 28989 | Spider:4 | Noticed Asterion
 28995 | Spider:4 | Killed Asterion
 29802 | Elf:1    | Entered Level 1 of the Elven Halls
 29909 | Elf:1    | Reached skill level 15 in Armour
 29911 | Elf:1    | Reached skill level 1 in Polearms
 30070 | Elf:1    | Found a blossoming altar of Fedhas.
 30361 | Elf:1    | Identified the Reference Book on Conjuration
 30441 | Elf:1    | Found a radiant altar of Vehumet.
 31014 | Elf:2    | Learned a level 3 spell: Regeneration
 31487 | Elf:2    | Found a huge runed translucent gate.
 31487 | Elf:2    | Found a huge runed translucent gate.
 31488 | Elf:2    | Found a huge runed translucent gate.
 31490 | Elf:2    | Found a huge runed translucent gate.
 31492 | Elf:2    | Found a huge runed translucent gate.
 31499 | Elf:2    | Reached skill level 1 in Necromancy
 31564 | Elf:2    | Reached skill level 5 in Translocations
 31643 | Elf:2    | Reached skill level 1 in Charms
 31663 | Elf:2    | Reached skill level 5 in Spellcasting
 32502 | Elf:3    | Entered Level 3 of the Elven Halls
 32559 | Elf:3    | Found a runed translucent gate.
 32559 | Elf:3    | Found a runed translucent gate.
 32559 | Elf:3    | Found a runed translucent gate.
 32651 | Elf:3    | Reached XP level 19. HP: 170/170 MP: 24/27
 33165 | Elf:3    | Got a bone long sword
 33403 | Elf:3    | Noticed Dataggej's ghost (adept MiBe)
 33407 | Elf:3    | Identified the amulet of the Invisible Hand {Acrobat rC++
                  | rN+ Str-3 Dex+4}
 33474 | Elf:3    | Reached skill level 5 in Hexes
 33496 | Elf:3    | Noticed a Brimstone Fiend
 33498 | Elf:3    | Noticed a Brimstone Fiend
 33726 | Elf:3    | Noticed a Tzitzimitl
 33770 | Elf:3    | Identified the +0 scale mail of the Elven Halls {rCorr
                  | Str+3}
 34175 | Elf:3    | Reached skill level 15 in Crossbows
 34195 | Elf:3    | Got an ancient platinum amulet
 34403 | Elf:3    | Identified the cursed +1 short sword "Xezynose" {flame,
                  | rC+}
 34496 | Elf:3    | Killed Dataggej's ghost
 34496 | Elf:3    | Reached skill level 1 in Maces & Flails
 35109 | Slime:1  | Entered Level 1 of the Pits of Slime
 35111 | Slime:1  | Gained mutation: Your body sometimes deteriorates upon
                  | taking damage. [a shining eye]
 35115 | Slime:1  | Gained mutation: Armour fits poorly on your strangely
                  | shaped body. [a shining eye]
 35117 | Slime:1  | Gained mutation: You are dopey. (Int -2) [a shining eye]
 35342 | Slime:1  | Gained mutation: You are frail. (-10% HP) [a shining eye]
 35343 | Slime:1  | Gained mutation: You are weak. (Str -2) [a shining eye]
 35345 | Lair:6   | Gained mutation: You are clumsy. (Dex -2) [a shining eye]
 35459 | Slime:2  | Gained mutation: Your flesh is cold resistant. (rC+) [a
                  | shining eye]
 35520 | Slime:2  | Lost mutation: You are frail. (-10% HP) [a shining eye]
 35520 | Slime:2  | Gained mutation: You are very clumsy. (Dex -4) [a shining
                  | eye]
 36159 | Slime:4  | Noticed Dissolution
 36161 | Slime:4  | Gained mutation: You are occasionally teleported next to
                  | monsters. [a shining eye]
 36166 | Slime:4  | Gained mutation: Your spells are a little easier to cast,
                  | but a little less powerful. [a shining eye]
 36167 | Slime:4  | Gained mutation: Scrolls take you a little longer to read.
                  | [a shining eye]
 36169 | Slime:4  | Killed Dissolution
 36170 | Slime:4  | Gained mutation: Scrolls take you longer to read. [a
                  | shining eye]
 36176 | Slime:3  | Reached skill level 17 in Axes
 36289 | Slime:3  | Reached XP level 20. HP: 157/181 MP: 28/28
 36367 | Slime:4  | Lost mutation: Scrolls take you longer to read. [a shining
                  | eye]
 36503 | Slime:5  | Entered Level 5 of the Pits of Slime
 36617 | Slime:5  | Gained mutation: You occasionally shout uncontrollably at
                  | your foes. [a shining eye]
 36619 | Slime:5  | HP: 1/182 [acid blob (19)]
 36619 | Slime:5  | Splashed by an acid blob's acid

Levels and vault maps discovered:
D:1:      minmay_arrival_loop, layout_basic
D:2:      layout_basic, bloody_trog, old_standard_altar
D:3:      layout_loops_ring, first_ration
D:4:      layout_cave_pools, fedhas_altar_fruit_tree,
          minmay_temple_entry_nine_rooms, serial_shops, nicolae_shop_stone
D:5:      layout_loops_ring, nemelex_xobeh_ov_fountains_minmay
D:6:      layout_basic, gammafunk_temple_overflow_pools, enter_ossuary_2
D:7:      layout_rooms, grunt_livestock
D:8:      layout_loops_ring, marbit_many_paths, basic_altar, uniq_joseph
D:9:      layout_rooms, david_lair_shrubbed, chequers_serial_rivers_micro_e
D:10:     layout_long_grid, david_orc_1_choice, fountainhead, minivault_13
D:11:     layout_cave_pools, gauntlet_entry_generic
D:12:     layout_long_grid, minivault_7, uniq_snorg
D:13:     layout_basic
D:14:     layout_irregular_city, erik_vaults_1, serial_column_ruins,
          column_ruins_hut_ruined, column_ruins_corridor_straight,
          column_ruins_open_small, column_ruins_open_small, column_ruins_grid_1,
          column_ruins_open_small
D:15:     grunt_enter_depths_hoard, layout_long_grid, enter_trove_2,
          serial_park_tiny_pond
Lair:1:   layout_loops_ring, minivault_24, uniq_fannar
Lair:2:   layout_loops_ring, elwin_shoals_entry_stream,
          nicolae_spider_entry_non_spiders, patterned_corridor,
          grunt_megastairs_2, lemuel_fruit_tree, uniq_nergalle
Lair:3:   layout_loops_ring, nicolae_volcano_entry_hallway
Lair:4:   layout_cave_pods, basic_altar
Lair:5:   layout_regular_city, basic_altar, grunt_megastairs_1
Lair:6:   evil_forest, layout_hall_layers, nicolae_slime_entry_slimehenge,
          grunt_megastairs_3, serial_bayou_shore_a
Shoals:1: layout_shoals, serial_shops, shop, shop_fountains,
          nicolae_shoals_c_island
Shoals:2: layout_shoals
Shoals:3: layout_shoals, lemuel_oklob_altar, uniq_bai_suzhen, uniq_jorgrun
Shoals:4: shoals_end_simple, layout_shoals, nicolae_shoals_dead_sea_scrolls
Spider:1: layout_spider_delve, special_room
Spider:2: layout_chambers, portal_ice_cave_entry_pillars_1,
          hangedman_stitches_earthworm, nicolae_spider_cling_ruins
Spider:3: layout_spider_delve
Spider:4: grunt_spider_rune_circles, uniq_donald, uniq_arachne, uniq_asterion,
          uniq_nikola
Slime:1:  layout_caves
Slime:2:  cheibrodos_slime_lost_civilization_9, layout_caves, basic_altar,
          cheibrodos_slime_lost_civilization_7
Slime:3:  layout_caves
Slime:4:  layout_caves, dissolution_awaits
Slime:5
Orc:1:    nicolae_orc_accident_3, layout_diamond_mine, serial_shops, shop,
          statue_in_the_mist_lemuel, uniq_maurice
Orc:2:    st_orc_rangers, layout_caves, uniq_urug, uniq_nessos, uniq_azrael
Elf:1:    minmay_the_grid_four_pointed_star
          [minmay_the_grid_triangle_9x9_shrine,
          minmay_the_grid_triangle_9x9_dagger,
          minmay_the_grid_triangle_9x9_zippers_vertical,
          minmay_the_grid_triangle_9x9_limited_checkers,
          minmay_the_grid_prize_big_room], layout_geoelf_diagonals, basic_altar,
          minmay_elf_annihilation
Elf:2:    layout_onion_city
Elf:3:    minmay_elf_hall_quartered_circle, layout_geoelf_castle,
          gammafunk_ghost_split

Skill      XL: |  1  2  3  4  5  6  7  8  9 10 11 12 13 14 15 16 17 18 19 20 |
---------------+-------------------------------------------------------------+-----
Axes           | 3 4 5 6 8 9 10 11 12 13 14 15 16 17 | 17.1
Dodging        | 1 2 3 4 5 7 8 9 10 11 12 13 14 | 14.9
Shields        | 4 5 6 7 |  7.8
Armour         | 4 5 6 7 8 9 10 11 12 13 14 15 16 | 16.7
Fighting       | 4 5 6 7 8 9 10 11 12 13 14 15 16 | 16.3
Invocations    | 1 2 4 6 8 10 11 12 | 12.4
Throwing       | 1 2 |  2.6
Crossbows      | 4 7 9 10 12 13 14 15 | 15.4
Spellcasting   | 1 2 4 5 6 |  6.5
Hexes          | 2 3 4 5 |  5.1
Translocations | 2 4 5 |  5.7
Polearms       | 3 |  3.7
Necromancy     | 1 2 |  2.0
Charms         | 1 2 |  2.1
Maces & Flails | 3 4 |  4.6

Action                   |  1- 3 |  4- 6 |  7- 9 | 10-12 | 13-15 | 16-18 | 19-21 || total
-------------------------+-------+-------+-------+-------+-------+-------+-------++-------
Melee: War axe           |    82 |   118 |   233 |    34 |       |       |       ||   467
       Headbutt          |    15 |    25 |    82 |    92 |    89 |   151 |    65 ||   519
       Battleaxe         |       |       |       |   213 |   304 |   336 |       ||   853
       Demon trident     |       |       |       |       |       |    93 |       ||    93
       Executioner's axe |       |       |       |       |       |    21 |   162 ||   183
       Maul              |       |       |       |       |       |       |     5 ||     5
 Fire: Arbalest          |       |       |       |    66 |   480 |   762 |   180 ||  1488
Throw: Boomerang         |       |       |       |     2 |     2 |     3 |       ||     7
       Throwing net      |       |       |       |       |       |     1 |     1 ||     2
 Cast: Apportation       |       |       |       |       |       |     1 |       ||     1
       Portal Projectile |       |       |       |       |       |     6 |    11 ||    17
Invok: Slouch            |       |       |       |     3 |     3 |     4 |     5 ||    15
       Bend Time         |       |       |       |     1 |     1 |     1 |     1 ||     4
Evoke: Wand              |       |       |       |     3 |     1 |       |       ||     4
       Lightning rod     |       |       |       |       |       |     1 |       ||     1
  Use: Potion            |       |     1 |       |     3 |     2 |     6 |    10 ||    22
       Scroll            |       |       |     8 |     8 |    16 |    19 |     7 ||    58
  Eat: Chunk             |     1 |     1 |     4 |     7 |     6 |     1 |     2 ||    22
       Ration            |       |     1 |     1 |       |     4 |     7 |     1 ||    14
Armor: Scale mail        |    13 |       |       |       |       |       |       ||    13
       Chain mail        |    25 |    71 |    75 |   125 |   144 |   284 |   152 ||   876
       Plate armour      |       |       |       |       |    84 |       |       ||    84
Dodge: Dodged            |    16 |    34 |    79 |   233 |   476 |   666 |   294 ||  1798
Block: Shield            |    41 |    78 |   165 |    57 |       |       |       ||   341
       Other             |       |       |       |       |    85 |    71 |       ||   156
       Reflection        |       |       |       |       |    30 |     3 |       ||    33
